Construct Infanterie Kompanie
Selects Luftwaffe Battlegroup
Selects Luftwaffe Pioneer Support
Fallschirmpioneer Squad Paradrop
Fallschirmpioneer Squad Paradrop
Fallschirmpioneer Squad Paradrop
Infanterie Officer Quarters
Fallschirmpioneer Squad Paradrop
Construct Luftwaffe Kompanie
Flak 30 Anti-aircraft Gun Team
Fallschirmpioneer Squad Paradrop
Fallschirmpioneer Squad Paradrop
Fallschirmpioneer Squad Paradrop
Marder III M Tank Destroyer
Selects Stuka Strafing Run
Selects Fallschirmjäger Squad Paradrop
Marder III M Tank Destroyer
Marder III M Tank Destroyer
Fallschirmpioneer Squad Paradrop
Marder III M Tank Destroyer